 Dungeon Crawl Stone Soup version 0.23.0-2-g0fe3ce5 (webtiles) character file.

Game seed: 12799359676184638783

92 TwoGrow the Skirmisher (level 4, 0/36 HPs)
             Began as a Demonspawn Monk on Feb 19, 2019.
             Killed by divine providence
             ... invoked by an orc priest
              (11 damage)
             ... on level 3 of the Dungeon.
             The game lasted 00:02:40 (1541 turns).

TwoGrow the Skirmisher (Demonspawn Monk)            Turns: 1541, Time: 00:02:41

Health: 0/36       AC:  8    Str: 12    XL:     4   Next: 35%
Magic:  4/4        EV: 10    Int: 12    God:
Gold:   95         SH:  0    Dex: 15    Spells: 3/3 levels left

rFire    . . .     SeeInvis .   a - +0 falchion
rCold    . . .     Gourm    .   (no shield)
rNeg     . . .     Faith    .   r - +0 scale mail
rPois    .         Spirit   .   (no helmet)
rElec    .         Reflect  .   (no cloak)
rCorr    .         Harm     .   (no gloves)
MR       .....     Rnd*Tele +   f - +1 pair of boots
Stlth    ++........             (no amulet)
HPRegen  0.12/turn              o - ring of teleportation (curse)
MPRegen  0.09/turn              (no ring)

@: no status effects
A: nightstalker 1
a: no special abilities


You were on level 3 of the Dungeon.
You were not hungry.

You visited 1 branch of the dungeon, and saw 3 of its levels.

You collected 95 gold pieces.

Inventory:

Hand Weapons
 a - a +0 falchion (weapon)
Missiles
 d - 129 stones (quivered)
 g - 39 sling bullets
Armour
 b - a +0 robe
 f - a +1 pair of boots (worn)
 r - a +0 scale mail (worn)
Jewellery
 o - a cursed ring of teleportation (left hand)
Wands
 q - a wand of digging (9)
Scrolls
 e - 2 scrolls of teleportation {unknown}
 h - 2 scrolls of remove curse {unknown}
 k - 2 scrolls of identify {unknown}
 l - a scroll of magic mapping {unknown}
 n - 4 scrolls of enchant armour
 p - a scroll of immolation {unknown}
 t - a scroll of noise {unknown}
 u - a scroll of enchant weapon {unknown}
 v - a scroll of fear {unknown}
Potions
 i - a potion of heal wounds {unknown}
 j - a potion of degeneration {unknown}
 m - a potion of agility {unknown}
Comestibles
 c - 5 rations
 s - a chunk of flesh


   Skills:
 + Level 3.6 Fighting
 + Level 3.3 Long Blades
 + Level 1.5 Armour
 + Level 3.2 Dodging
 - Level 2.0 Stealth


You had 3 spell levels left.
You didn't know any spells.
Your spell library was empty.

Dungeon Overview and Level Annotations

Branches:
Dungeon (3/15)

Altars:


Innate Abilities, Weirdness & Mutations

You are slightly more attuned to the shadows.


Message History

You barely miss the orc priest. The orc hits you but does no damage.
The orc priest barely misses you.
You hit the orc priest.
The orc priest is lightly wounded.
The orc hits you with a +0 mace. The orc priest misses you.
You riposte.
You hit the orc priest but do no damage.
The orc priest is lightly wounded.
You closely miss the orc priest.
The orc priest is lightly wounded.
The orc hits you with a +0 mace.
The orc priest hits you but does no damage.
You barely miss the orc priest.
The orc priest is lightly wounded.
The orc priest hits you but does no damage.
The orc hits you with a +0 mace.
You hit the orc priest but do no damage.
The orc priest is lightly wounded.
The orc priest invokes the aid of Beogh against you.
Beogh smites you!
You die...

#.# #+# #.###
######.# ....#
#...##.##### #.#.#
#...##.##...
#.#.#####...#...#.##
#.#.##..............
#..o................
###@##.........##..#
#o#####...#####...
.oo...o# #...# ##..
######## #...# ###
#####


You could see an orc priest and 2 orcs.

Vanquished Creatures
  Terence (D:2)
  An adder (D:3)
  An ooze (D:1)
  2 worms
  A dart slug (D:2)
  2 leopard geckos
  An orc (D:3)
  A ball python (D:1)
  5 goblins (D:1)
  7 hobgoblins
  3 jackals (D:2)
  4 kobolds
  A quokka (D:3)
  6 bats
  5 frilled lizards
  6 rats
47 creatures vanquished.

Notes
Turn   | Place    | Note
-------+----------+-------------------------------------------
     0 | D:1      | TwoGrow the Demonspawn Monk began the quest for the Orb.
     0 | D:1      | Reached XP level 1. HP: 18/18 MP: 1/1
    54 | D:1      | Gained mutation: You are slightly more attuned to the
                  | shadows. [demonic ancestry]
    54 | D:1      | Reached XP level 2. HP: 16/24 MP: 2/2
   629 | D:1      | Reached XP level 3. HP: 28/29 MP: 3/3
   735 | D:2      | Noticed Terence
   742 | D:2      | Reached skill level 1 in Armour
   755 | D:2      | Killed Terence
  1135 | D:2      | Reached XP level 4. HP: 32/35 MP: 4/4
  1541 | D:3      | Killed from afar by an orc priest

Skill      XL: |  1  2  3 |
---------------+----------+-----
Stealth        | 2 |  2.0
Long Blades    | 3 |  3.3
Armour         | 1 |  1.5
Dodging        | 3 |  3.2
Fighting       | |  3.6

Action                   |  1- 3 |  4- 6 || total
-------------------------+-------+-------++-------
Melee: Falchion          |   113 |    57 ||   170
  Use: Scroll            |     1 |       ||     1
 Stab: Sleeping          |    12 |     2 ||    14
  Eat: Chunk             |     1 |     1 ||     2
Armor: Robe              |     3 |       ||     3
       Scale mail        |    40 |    28 ||    68
Dodge: Dodged            |    81 |    32 ||   113
       Rpst.: Falchion   |    28 |    10 ||    38
